AoeStats
← Reis

Arena

505695361Analyzed
4v4 RM · 23d ago on Sep 10, 2026· 25m 27s· 8 players
Game mode
Random Map
Map size
Large (8 player)
Population
200
Speed
Normal
Resources
Standard
Victory
Conquest
Starting age
Dark Age
Ending age
Imperial Age
RankedLock teamsTeams togetherTeam positionsShared explorationLock speedFull tech treeHidden civsTurbo modeCheats
Victory
Defeat
🇩🇪 Teutons · Germany
1473
+14
🇨🇭 Bulgarians · Switzerland
1448
+15
🇬🇧 Spanish · United Kingdom
1431
+15
🇨🇦 Slavs · Canada
1405
+16
🇨🇳 Jurchens · China
1433
-15
🇨🇳 Mapuche · China
1417
-15
🇻🇪 Poles · Venezuela
1416
-15
🇨🇴 Berbers · Colombia
1411
-15
Todas Mienten
8:42 Feudal Age
9:10 Double-Bit Axe
9:05 Horse Collar
16:46 Castle Age
18:05 Bow Saw
17:56 Heavy Plow
20:59 Gold Mining
20:59 Stone Mining
23:04 Stone Shaft Mining
25:10 Fortified Wall
不会进攻
9:35 Feudal Age
13:59 Castle Age
12:07 Double-Bit Axe
18:57 Loom
22:22 Wheelbarrow
21:37 Elite Skirmisher
KootH.
9:38 Feudal Age
13:58 Castle Age
13:40 Double-Bit Axe
19:27 Bloodlines
Mustafa90
10:11 Feudal Age
11:41 Loom
21:10 Double-Bit Axe
Reis
10:24 Feudal Age
12:33 Loom
14:51 Castle Age
14:14 Loom
16:15 Wheelbarrow
23:15 Fletching
AlzzStriker
10:23 Feudal Age
14:42 Castle Age
13:48 Double-Bit Axe
13:43 Horse Collar
16:25 Bow Saw
16:26 Heavy Plow
21:49 Wheelbarrow
23:52 Gold Mining
24:34 Hand Cart
24:05 Loom
24:56 Town Watch
[Odst] Sheppard
5:56 Loom
8:21 Feudal Age
10:56 Double-Bit Axe
11:54 Fletching
13:42 Horse Collar
21:55 Gold Mining
25:11 Castle Age
23:41 Gold Mining
23:50 Stone Mining
Kerrminator
10:19 Feudal Age
15:50 Castle Age
14:02 Double-Bit Axe
15:31 Horse Collar
17:09 Bow Saw
17:01 Heavy Plow
18:35 Loom
26:27 Wheelbarrow
Connection lost

Rejoining the realm…

Still unreachable

The connection could not be restored.

Session expired

The server has moved on; the page needs a fresh start.